 Dungeon Crawl Stone Soup version 0.31-a0-559-g03b8d61ab2 (webtiles) character file.

Game seed: 7249062726663806643

255 Ethylacetat the Insei (level 6, -2/43 HPs)
             Began as an Octopode Gladiator on Aug 17, 2023.
             Slain by a white imp (5 damage)
             ... summoned by Eustachio
             ... on level 3 of the Dungeon.
             The game lasted 00:03:07 (2553 turns).

Ethylacetat the Insei (Octopode Gladiator)          Turns: 2553, Time: 00:03:07

Health: -2/43      AC:  1    Str: 14      XL:     6   Next: 15%
Magic:  6/6        EV: 15    Int: 10      God:
Gold:   195        SH:  0    Dex: 19 (21) Spells: 5/5 levels left

rFire   . . .        t - +1 dagger (venom)
rCold   . . .        (no shield)
rNeg    . . .        a - +0 hat
rPois   .            (no amulet)
rElec   .            j - +6 ring of dexterity
rCorr   .            (no ring)
SInv    .            (no ring)
Will    .....        (no ring)
Stlth   +++          (no ring)
HPRegen 0.27/turn    (no ring)
MPRegen 0.10/turn    (no ring)
                     (no ring)

%: no passive effects
@: no status effects
A: almost no armour, amphibious, 8 rings, camouflage 1, gelatinous body 1,
(nimble swimmer 1), tentacles
a: no special abilities


You were on level 3 of the Dungeon.
You visited 1 branch of the dungeon, and saw 4 of its levels.

You collected 195 gold pieces.

Inventory:

Hand Weapons
 t - a +1 dagger of venom (weapon)
Missiles
 b - 3 throwing nets (quivered)
 c - 5 javelins
Armour
 a - a +0 hat (worn)
Jewellery
 j - a +6 ring of dexterity (left tentacle)
 n - an amulet of the acrobat
 p - an amulet of magic regeneration
Scrolls
 d - a scroll of teleportation {unknown}
 e - 7 scrolls of identify {unknown}
 f - 2 scrolls of enchant armour {unknown}
 k - a scroll of poison {unknown}
 o - a scroll of amnesia {unknown}
 q - 3 scrolls of brand weapon {unknown}
Potions
 g - 2 potions of heal wounds {unknown}
 h - 5 potions of curing {unknown}
 i - a potion of magic {unknown}
 l - 3 potions of enlightenment {unknown}
 m - a potion of berserk rage {unknown}
 r - a potion of mutation {unknown}
 s - 3 potions of haste {unknown}


   Skills:
 + Level 4.0 Fighting
 - Level 2.0 Throwing
 + Level 4.4 Dodging
 + Level 4.5 Unarmed Combat


You had 5 spell levels left.
You didn't know any spells.
Your spell library contained the following spells:

 Spells                   Type           Power      Damage    Failure   Level
 Freeze                   Ice            0%         1d3       36%         1
 Frozen Ramparts          Ice            0%         1d1       75%         3
 Hailstorm                Conj/Ice       0%         3d3       75%         3


Dungeon Overview and Level Annotations

Branches:
Dungeon (4/15)
 Temple: D:4-7

Altars:

Annotations:
D:3 Eustachio


Innate Abilities, Weirdness & Mutations

You cannot wear most types of armour.
You are amphibious.
You can wear up to eight rings at the same time.
Your skin changes colour to match your surroundings (Stealth+).
Your rubbery body absorbs attacks. (AC +1, EV +1)
((You are camouflaged when in or above water. (Stealth+)))
You have tentacles for arms and can constrict up to eight enemies at once.


Message History

You constrict Eustachio. Eustachio hits you with a +0 falchion!
You hit Eustachio.
Eustachio is poisoned.
Eustachio is lightly wounded.
You constrict Eustachio.
Eustachio gestures wildly while chanting.
You hit Eustachio but do no damage.
Eustachio looks as sick as possible!
You squeeze Eustachio.
Eustachio is moderately wounded.
You constrict Eustachio.
Eustachio gestures wildly while chanting.
Eustachio blinks free!
The quasit closely misses you. The quasit barely misses you.
The quasit claws you. The white imp gestures at you.
The puff of frost misses you.
The white imp shouts, "Slither away, thou feckless limp-willed serf!"
The white imp gestures at you. The puff of frost misses you.
The puff of frost hits the quasit.
The quasit resists.
The white imp hits you. The white imp freezes you.
The white imp attacks as you move away! The white imp barely misses you.
The quasit attacks as you move away! The quasit misses you.
The quasit claws you.
You feel clumsy. The quasit barely misses you.
Eustachio hits you with a +0 falchion.
* * * LOW HITPOINT WARNING * * *
The quasit bites you.
* * * LOW HITPOINT WARNING * * *
The quasit misses you. The quasit claws you.
* * * LOW HITPOINT WARNING * * *
You feel clumsy.
You hit Eustachio.
Eustachio looks as sick as possible!
Your grab misses Eustachio.
Eustachio is almost dead.
Eustachio gestures wildly while chanting.
The quasit misses you.
The quasit claws you but does no damage.
The quasit closely misses you. The white imp hits you.
* * * LOW HITPOINT WARNING * * *
The white imp freezes you.
You die...

..........†.......##.####.# #...
############.####......##.####...
##.########.##8.8#..... #.......#
#..##.###.... #
#.......#######'##..... ##
#..>............####... .######
#..[.....#####.## #...
......#####..<.55.## #.########
#.###...(......@@.### #.......##
#..#####..#...r.b...# #######..#
##.#####..........#.# ##..
##..#........######.# ##..
......####...# #.# ##... ###.###
#...## #.# #..>. #
#.######....#####.##### #....
#.##......#....##.....# #....
#.##.##.....##.######.######...


You could see Eustachio (extremely poisoned), a quasit (summoned), a white imp
(summoned), a bat (summoned, wandering) and a rat (summoned).

Vanquished Creatures
  A scorpion (D:2)
  Jessica (D:2)
  An orc wizard (D:3)
  5 adders
  2 worms (D:2)
  2 dart slugs
  8 orcs (D:3)
  A bat (D:3)
  9 endoplasms
  A giant cockroach (D:2)
  7 goblins
  11 hobgoblins
  6 jackals (D:1)
  11 kobolds
  3 quokkas (D:1)
  5 ball pythons
  4 frilled lizards
  5 rats
83 creatures vanquished.

Notes
Turn   | Place    | Note
-------+----------+-------------------------------------------
     0 | D:1      | Ethylacetat the Octopode Gladiator began the quest for the
                  | Orb.
     0 | D:1      | Reached XP level 1. HP: 14/14 MP: 1/1
   158 | D:1      | Reached XP level 2. HP: 19/19 MP: 2/2
   307 | D:1      | Reached XP level 3. HP: 22/25 MP: 3/3
  1047 | D:2      | Reached XP level 4. HP: 30/30 MP: 4/4
  1056 | D:2      | Noticed Jessica
  1066 | D:2      | Killed Jessica
  1532 | D:2      | Noticed a scorpion
  1539 | D:2      | Killed a scorpion
  1540 | D:2      | Reached XP level 5. HP: 26/36 MP: 5/5
  1932 | D:3      | Found a faded altar of an unknown god.
  1996 | D:3      | Reached XP level 6. HP: 32/43 MP: 6/6
  2437 | D:4      | Noticed Eustachio
  2553 | D:3      | Slain by a white imp

Illustrated notes

Levels and vault maps discovered:
D:1:      nagdon_arrival_zigzag_paths, layout_basic, minmay_vboxes
D:2:      layout_basic, uniq_jessica
D:3:      layout_rooms, basic_ecumenical_altar, dk_noncrumbling_2
D:4:      minmay_inner_zag, layout_cave_pools, minitemple, uniq_eustachio,
          uniq_edmund

Skill      XL: |  1  2  3  4  5  6 |
---------------+-------------------+-----
Fighting       | 3 4 |  4.0
Dodging        | 4 |  4.4
Unarmed Combat | 4 |  4.5
Throwing       | |  2.0

Action                     |  1- 3 |  4- 6 || total
---------------------------+-------+-------++-------
  Melee: Unarmed           |    79 |    86 ||   165
         Constrict         |    20 |    31 ||    51
         Tentacles         |    19 |    28 ||    47
         Punch             |     1 |     3 ||     4
         Dagger            |       |    11 ||    11
   Stab: Sleeping          |     6 |     8 ||    14
 Armour: Skin              |     2 |     5 ||     7
  Dodge: Dodged            |    58 |    54 ||   112

Table legend: (Time is in decaauts)
 A = Elapsed time spent in this place.
 B = Non-inter-level travel time spent in this place.
 C = Inter-level travel time spent in this place.
 D = Time resting spent in this place.
 E = Time spent auto-exploring this place.
 F = Levels seen in this place.
 G = Mean time per level.
                   A        B        C        D        E       F      G
               +--------+--------+--------+--------+--------+-----+--------+
         Total |   2541 |   2446 |     95 |     90 |   1879 |   4 |  635.2 |
       Dungeon |   2541 |   2446 |     95 |     90 |   1879 |   4 |  635.2 |
               +--------+--------+--------+--------+--------+-----+--------+

Top non-repeatable levels by time:
     D:1: 1022 daAuts
     D:2: 777 daAuts
     D:3: 724 daAuts
     D:4: 17 daAuts
